 Dungeon Crawl Stone Soup version 0.31-a0-845-g9abc20d24f (webtiles) character file.

Game seed: 7356999754602093130

4 Kurtz the Shield-Bearer (level 1, -8/16 HPs)
             Began as an Octopode Fighter on Oct 1, 2023.
             Mangled by a gnoll
             ... wielding a +2 flail of pain
              (9 damage)
             ... on level 1 of the Dungeon.
             The game lasted 00:00:08 (299 turns).

Kurtz the Shield-Bearer (Octopode Fighter)           Turns: 299, Time: 00:00:09

Health: -8/16      AC:  1    Str: 15    XL:     1   Next: 70%
Magic:  1/1        EV: 13    Int: 10    God:
Gold:   28         SH:  4    Dex: 11    Spells: 0/0 levels left

rFire   . . .        a - +0 war axe
rCold   . . .        b - +0 buckler
rNeg    . . .        (helmet restricted)
rPois   .            (no amulet)
rElec   .            (no ring)
rCorr   .            (no ring)
SInv    .            (no ring)
Will    .....        (no ring)
Stlth   ++           (no ring)
HPRegen 0.22/turn    (no ring)
MPRegen 0.07/turn    (no ring)
                     (no ring)

%: no passive effects
@: no status effects
A: almost no armour, amphibious, 8 rings, camouflage 1, gelatinous body 1,
(nimble swimmer 1), tentacles
a: no special abilities


You were on level 1 of the Dungeon.
You visited 1 branch of the dungeon, and saw 1 of its levels.

You collected 28 gold pieces.

Inventory:

Hand Weapons
 a - a +0 war axe (weapon)
Armour
 b - a +0 buckler (worn)
Scrolls
 d - a scroll of teleportation {unknown}
 f - a scroll of amnesia {unknown}
Potions
 c - a potion of might
 e - a potion of ambrosia {unknown}


   Skills:
 - Level 3.0 Fighting
 * Level 2.4 Axes
 - Level 3.0 Dodging
 - Level 3.0 Shields


You couldn't memorise any spells.
You didn't know any spells.
Your spell library contained the following spells:

 Spells                   Type           Power      Damage    Failure   Level
 Tukima's Dance           Hex            0%         N/A       83%         3
 Dimensional Bullseye     Hex/Tloc       0%         N/A       99%         4
 Iskenderun's Mystic Bla  Conj/Tloc      0%         2d3       99%         4


Dungeon Overview and Level Annotations

Branches:
Dungeon (1/15)

Altars:


Innate Abilities, Weirdness & Mutations

You cannot wear most types of armour.
You are amphibious.
You can wear up to eight rings at the same time.
Your skin changes colour to match your surroundings (Stealth+).
Your rubbery body absorbs attacks. (AC +1, EV +1)
((You are camouflaged when in or above water. (Stealth+)))
You have tentacles for arms and can constrict up to eight enemies at once.


Message History

A quokka is nearby!
A quokka is nearby!
No target in view!
A quokka is nearby!
You hit the quokka.
You kill the quokka!
You see here a quokka corpse.
You now have 28 gold pieces (gained 8).
You pick up a book of Weapons and begin reading...
You add the spells Tukima's Dance, Dimensional Bullseye and Iskenderun's Mystic Blast to your library.
No target in view!
No target in view!
A rat comes into view.
Found a scroll labelled XYONLE KOYH.
A gnoll comes into view. It is wielding a +2 flail of pain.
There are monsters nearby!
The gnoll shouts!
There are monsters nearby!
You barely miss the rat. You grab the rat. You squeeze the rat.
You kill the rat!
A gnoll is nearby!
The gnoll hits you with a +2 flail of pain!
Ouch! That really hurt!
A gnoll is nearby!
You are too injured to fight recklessly!
You are too injured to fight recklessly!
A gnoll is nearby!
You are too injured to fight recklessly!
A gnoll is nearby!
You are too injured to fight recklessly!
You closely miss the gnoll. Your grab misses the gnoll. You squeeze the gnoll!
The gnoll is severely wounded.
The gnoll hits you with a +2 flail of pain.
* * * LOW HITPOINT WARNING * * *
You closely miss the gnoll. Your grab misses the gnoll.
The gnoll is severely wounded.
The gnoll closely misses you.
The gnoll hits you with a +2 flail of pain!
Ouch! That really hurt!
You die...

#.##. ## #...# #.# .##
#. #... .. ...
###......# ...
#....#...### .##..##
#?...#..... ........
#....#.#.#######.##..##
+.....g..............##
##.....@................
........................
####.##.####### #.......
#.###......# #.......
#..........# #.......
#.###.###..# #..#...#
###.###.####..#...#
..................#
...................


You could see a gnoll.

Vanquished Creatures
  A quokka (D:1)
  A ball python (D:1)
  2 goblins (D:1)
  A rat (D:1)
5 creatures vanquished.

Notes
Turn   | Place    | Note
-------+----------+-------------------------------------------
     0 | D:1      | Kurtz the Octopode Fighter began the quest for the Orb.
     0 | D:1      | Reached XP level 1. HP: 16/16 MP: 1/1
   299 | D:1      | Mangled by a gnoll

Illustrated notes

Levels and vault maps discovered:
D:1:      ncdulo_wetmaze, layout_basic, hellmonk_ecumenical_altar_leap_of_faith

Action                     || total
---------------------------++-------
  Melee: War axe           ||     8
         Tentacles         ||     3
         Constrict         ||     2
 Armour: Skin              ||     5
  Dodge: Dodged            ||     6
  Block: Buckler           ||     1

Table legend: (Time is in decaauts)
 A = Elapsed time spent in this place.
 B = Non-inter-level travel time spent in this place.
 C = Inter-level travel time spent in this place.
 D = Time resting spent in this place.
 E = Time spent auto-exploring this place.
 F = Levels seen in this place.
 G = Mean time per level.
                   A        B        C        D        E       F      G
               +--------+--------+--------+--------+--------+-----+--------+
         Total |    301 |    301 |      0 |      0 |    258 |   1 |  301.0 |
       Dungeon |    301 |    301 |      0 |      0 |    258 |   1 |  301.0 |
               +--------+--------+--------+--------+--------+-----+--------+

Top non-repeatable levels by time:
     D:1: 301 daAuts
